TOP OF THE 1ST |
Bismarck Barons batting - Pitching for Menlo Maniacs : RHP José Ramírez
|
Pitching: RHP José Ramírez
|
|
Batting: LHB John Frost
|
0-0: Ball 1-0: Swinging Strike 1-1: Ball 2-1: Ball 3-1: Base on Balls
|
Batting: RHB Roberto García
|
0-0: Ball 1-0: Ball 2-0: Ball 3-0: Base on Balls John Frost to second
|
Batting: RHB Norm Francis
|
0-0: Called Strike 0-1: Ball 1-1: Ball 2-1: Swinging Strike 2-2: Grounds into double play, 6-4-3 (Groundball, 6) John Frost to third
|
Batting: RHB Seiji Kouno
|
0-0: Ball 1-0: Foul Ball, location: 2F 1-1: Ball 2-1: SINGLE (Line Drive, 56) John Frost scores
|
Batting: SHB Manuel Hegnauer
|
0-0: Ball 1-0: Foul Ball, location: 2F 1-1: Called Strike 1-2: Ball 2-2: Foul Ball, location: 2F 2-2: SINGLE (Line Drive, 6MD) Seiji Kouno to second
|
Batting: RHB Pancho Torres
|
0-0: Ball 1-0: Swinging Strike 1-1: Swinging Strike 1-2: Strikes out swinging
|
Top of the 1st over - 1 run(s), 2 hit(s), 0 error(s), 2 left on base; Bismarck 1 - Menlo 0 |
BOTTOM OF THE 1ST |
Menlo Maniacs batting - Pitching for Bismarck Barons : LHP Curt Montgomery
|
Pitching: LHP Curt Montgomery
|
|
Batting: RHB Robert Downing
|
0-0: Ground out 4-3 (Groundball, 4)
|
Batting: RHB Steve Sampson
|
0-0: Called Strike 0-1: DOUBLE (Line Drive, 8RD)
|
Batting: RHB Daryl Floyd
|
0-0: Called Strike 0-1: Ball 1-1: Swinging Strike 1-2: Foul Ball, location: 2F 1-2: Strikes out swinging
|
Batting: LHB Arthur Hall
|
0-0: Ball 1-0: Called Strike 1-1: Ball 2-1: Called Strike 2-2: Strikes out swinging
|
Bottom of the 1st over - 0 run(s), 1 hit(s), 0 error(s), 1 left on base; Bismarck 1 - Menlo 0 |
TOP OF THE 2ND |
Bismarck Barons batting - Pitching for Menlo Maniacs : RHP José Ramírez
|
Batting: RHB Michael Thomas
|
0-0: Ball 1-0: Ball 2-0: Foul Ball, location: 2F 2-1: Ball 3-1: Base on Balls
|
Batting: SHB Jeff Chambers
|
0-0: Ball 1-0: Ball 2-0: Ball 3-0: Called Strike 3-1: Fielders Choice at 2nd, 3-6 (Groundball, 34)
|
Batting: LHB Jorge Fernández
|
0-0: Ball 1-0: Called Strike 1-1: SINGLE (Groundball, 6MD) Jeff Chambers to second
|
Batting: LHB John Frost
|
0-0: Called Strike 0-1: Swinging Strike 0-2: Ball 1-2: Foul Ball, location: 2F 1-2: Foul Ball, location: 2F 1-2: Strikes out swinging
|
Batting: RHB Roberto García
|
0-0: Called Strike 0-1: Foul Ball, location: 2F 0-2: Ball 1-2: Ball 2-2: Ground out 4-3 (Groundball, 4)
|
Top of the 2nd over - 0 run(s), 1 hit(s), 0 error(s), 2 left on base; Bismarck 1 - Menlo 0 |
BOTTOM OF THE 2ND |
Menlo Maniacs batting - Pitching for Bismarck Barons : LHP Curt Montgomery
|
Batting: RHB Júlio Trinidad
|
0-0: Ball 1-0: Ball 2-0: DOUBLE (Flyball, 9LM)
|
Batting: LHB Keith Green
|
0-0: SINGLE (Groundball, 5D) Júlio Trinidad to third
|
Batting: LHB Paul Alexander
|
0-0: Foul Ball, location: 2F 0-1: Ball 1-1: Fielders Choice at 2nd, 1-6 (Groundball, 13)
|
Batting: RHB David Strickland
|
0-0: Ball 1-0: Ball 2-0: Ball 3-0: Base on Balls Paul Alexander to second
|
Batting: RHB Gilberto León
|
0-0: Ball 1-0: Fly out, F4 (Popup, 4)
|
Batting: RHB Robert Downing
|
0-0: Fielders Choice at 2nd, 6-4 (Groundball, 6)
|
Bottom of the 2nd over - 0 run(s), 2 hit(s), 0 error(s), 2 left on base; Bismarck 1 - Menlo 0 |
TOP OF THE 3RD |
Bismarck Barons batting - Pitching for Menlo Maniacs : RHP José Ramírez
|
Batting: RHB Norm Francis
|
0-0: Foul Ball, location: 2F 0-1: Ball 1-1: Foul Ball, location: 2F 1-2: DOUBLE (Line Drive, 8RM)
|
Batting: RHB Seiji Kouno
|
0-0: Foul Ball, location: 2F 0-1: Called Strike 0-2: Ball 1-2: Strikes out swinging
|
Batting: SHB Manuel Hegnauer
|
0-0: Ground out 4-3 (Groundball, 4) Norm Francis to third
|
Batting: RHB Pancho Torres
|
0-0: SINGLE (Line Drive, 6D) Norm Francis scores
|
Batting: RHB Michael Thomas
|
0-0: Ball 1-0: Ball 2-0: Foul Ball, location: 2F 2-1: SINGLE (Flyball, 8LS) Pancho Torres to second Runner from 2nd tries for 3rd, SAFE, no throw or cutoff
|
Batting: SHB Jeff Chambers
|
0-0: Swinging Strike 0-1: Ball 1-1: SINGLE (Line Drive, 3D) Pancho Torres scores Michael Thomas to second Runner from 2nd tries for 3rd, OUT!
|
Top of the 3rd over - 2 run(s), 4 hit(s), 0 error(s), 1 left on base; Bismarck 3 - Menlo 0 |
BOTTOM OF THE 3RD |
Menlo Maniacs batting - Pitching for Bismarck Barons : LHP Curt Montgomery
|
Batting: RHB Steve Sampson
|
0-0: Ball 1-0: Foul Ball, location: 2F 1-1: Fly out, F8 (Flyball, 8RM)
|
Batting: RHB Daryl Floyd
|
0-0: Ball 1-0: Called Strike 1-1: Called Strike 1-2: Ball 2-2: Strikes out swinging
|
Batting: LHB Arthur Hall
|
0-0: Swinging Strike 0-1: SOLO HOME RUN (Flyball, 89XD), Distance : 407 ft
|
Batting: RHB Júlio Trinidad
|
0-0: DOUBLE (Line Drive, 78XD)
|
Batting: LHB Keith Green
|
0-0: Foul Ball, location: 2F 0-1: Ball Wild Pitch! Júlio Trinidad to third 1-1: Ground out 6-3 (Groundball, 6M)
|
Bottom of the 3rd over - 1 run(s), 2 hit(s), 0 error(s), 1 left on base; Bismarck 3 - Menlo 1 |
TOP OF THE 4TH |
Bismarck Barons batting - Pitching for Menlo Maniacs : RHP José Ramírez
|
Batting: LHB Jorge Fernández
|
0-0: Ball 1-0: Foul Ball, location: 2F 1-1: Foul Ball, location: 2F 1-2: Ground out 3-1 (Groundball, 34)
|
Batting: LHB John Frost
|
0-0: Ball 1-0: Bunt for hit - play at first, batter OUT! 1-3
|
Batting: RHB Roberto García
|
0-0: Ball 1-0: Foul Ball, location: 2F 1-1: Ball 2-1: Ball 3-1: Foul Ball, location: 2F 3-2: Base on Balls
|
Batting: RHB Norm Francis
|
0-0: Called Strike 0-1: Foul Ball, location: 2F 0-2: Strikes out looking
|
Top of the 4th over - 0 run(s), 0 hit(s), 0 error(s), 1 left on base; Bismarck 3 - Menlo 1 |
BOTTOM OF THE 4TH |
Menlo Maniacs batting - Pitching for Bismarck Barons : LHP Curt Montgomery
|
Batting: LHB Paul Alexander
|
0-0: Foul Ball, location: 2F 0-1: Ball 1-1: Foul Ball, location: 2F 1-2: Ball 2-2: Foul Ball, location: 2F 2-2: Foul Ball, location: 2F 2-2: Ground out 6-3 (Groundball, 6)
|
Batting: RHB David Strickland
|
0-0: Foul Ball, location: 2F 0-1: Swinging Strike 0-2: Ball 1-2: SINGLE (Line Drive, 89M)
|
Batting: RHB Gilberto León
|
0-0: Called Strike 0-1: Ball 1-1: Foul Ball, location: 2F 1-2: Strikes out swinging
|
Batting: RHB Robert Downing
|
0-0: Swinging Strike 0-1: Called Strike 0-2: Ball 1-2: Ground out U3 (Groundball, 3)
|
Bottom of the 4th over - 0 run(s), 1 hit(s), 0 error(s), 1 left on base; Bismarck 3 - Menlo 1 |
TOP OF THE 5TH |
Bismarck Barons batting - Pitching for Menlo Maniacs : RHP José Ramírez
|
Batting: RHB Seiji Kouno
|
0-0: Fly out, F7 (Flyball, 78M)
|
Batting: SHB Manuel Hegnauer
|
0-0: Ball 1-0: Fly out, F9 (Flyball, 89M)
|
Batting: RHB Pancho Torres
|
0-0: Swinging Strike 0-1: Swinging Strike 0-2: Foul Ball, location: 2F 0-2: Strikes out swinging
|
Top of the 5th over - 0 run(s), 0 hit(s), 0 error(s), 0 left on base; Bismarck 3 - Menlo 1 |
BOTTOM OF THE 5TH |
Menlo Maniacs batting - Pitching for Bismarck Barons : LHP Curt Montgomery
|
Batting: RHB Steve Sampson
|
0-0: Called Strike 0-1: Foul Ball, location: 2F 0-2: Ball 1-2: Ball 2-2: Ground out 6-3 (Groundball, 6)
|
Batting: RHB Daryl Floyd
|
0-0: Called Strike 0-1: Ball 1-1: Ball 2-1: Swinging Strike 2-2: Foul Ball, location: 2F 2-2: Ball 3-2: Base on Balls
|
Batting: LHB Arthur Hall
|
0-0: Ball Daryl Floyd is caught stealing 2nd base 1-0: Foul Ball, location: 2F 1-1: Swinging Strike 1-2: Ball 2-2: Strikes out swinging
|
Bottom of the 5th over - 0 run(s), 0 hit(s), 0 error(s), 0 left on base; Bismarck 3 - Menlo 1 |
TOP OF THE 6TH |
Bismarck Barons batting - Pitching for Menlo Maniacs : RHP José Ramírez
|
Batting: RHB Michael Thomas
|
0-0: Ground out 5-3 (Groundball, 56)
|
Batting: SHB Jeff Chambers
|
0-0: Ball 1-0: Called Strike 1-1: Ground out 4-3 (Groundball, 4)
|
Batting: LHB Jorge Fernández
|
0-0: Ball 1-0: Called Strike 1-1: Ball 2-1: Fly out, F4 (Line Drive, 4)
|
Top of the 6th over - 0 run(s), 0 hit(s), 0 error(s), 0 left on base; Bismarck 3 - Menlo 1 |
BOTTOM OF THE 6TH |
Menlo Maniacs batting - Pitching for Bismarck Barons : LHP Curt Montgomery
|
Batting: RHB Júlio Trinidad
|
0-0: Ball 1-0: Ball 2-0: Ball 3-0: Called Strike 3-1: Base on Balls
|
Batting: LHB Keith Green
|
0-0: Fly out, F5 (Line Drive, 56)
|
Batting: LHB Paul Alexander
|
0-0: Called Strike 0-1: Ball 1-1: Swinging Strike 1-2: Ball 2-2: Ball 3-2: Ground out 2-3 (Groundball, 23) Júlio Trinidad to second
|
Batting: RHB David Strickland
|
0-0: SINGLE (Line Drive, 34D) Júlio Trinidad to third Runner from 3rd tries for Home, SAFE, no throw or cutoff
|
Batting: RHB Gilberto León
|
0-0: Called Strike 0-1: Foul Ball, location: 2F 0-2: Ball 1-2: Ball 2-2: Ball 3-2: Fly out, F3 (Popup, 3F)
|
Bottom of the 6th over - 1 run(s), 1 hit(s), 0 error(s), 1 left on base; Bismarck 3 - Menlo 2 |
TOP OF THE 7TH |
Bismarck Barons batting - Pitching for Menlo Maniacs : RHP José Ramírez
|
Pitching: RHP Steve Poe
|
|
Batting: LHB John Frost
|
0-0: Ball 1-0: Ball 2-0: Swinging Strike 2-1: Called Strike 2-2: Strikes out looking
|
Batting: RHB Roberto García
|
0-0: Called Strike 0-1: Foul Ball, location: 2F 0-2: Strikes out looking
|
Batting: RHB Norm Francis
|
0-0: Called Strike 0-1: Ground out 1-3 (Groundball, 15)
|
Top of the 7th over - 0 run(s), 0 hit(s), 0 error(s), 0 left on base; Bismarck 3 - Menlo 2 |
BOTTOM OF THE 7TH |
Menlo Maniacs batting - Pitching for Bismarck Barons : LHP Curt Montgomery
|
Pitching: LHP Christiano Gomes
|
|
Batting: RHB Robert Downing
|
0-0: Called Strike 0-1: Called Strike 0-2: Ball 1-2: Foul Ball, location: 2F 1-2: DOUBLE (Line Drive, 9LM)
|
Batting: RHB Steve Sampson
|
0-0: Ball 1-0: Foul Ball, location: 2F 1-1: Ball 2-1: Foul Ball, location: 2F 2-2: Ball 3-2: Base on Balls
|
Batting: RHB Daryl Floyd
|
0-0: Swinging Strike 0-1: Foul Ball, location: 2F 0-2: Strikes out swinging
|
Batting: LHB Arthur Hall
|
0-0: Ball 1-0: Called Strike 1-1: Ball 2-1: Foul Ball, location: 2F 2-2: Foul Ball, location: 2F 2-2: Ball 3-2: SINGLE (Groundball, 34D) Robert Downing to third Steve Sampson to second Runner from 3rd tries for Home, throw and OUT! Steve Sampson to third Arthur Hall to second
|
Batting: RHB Júlio Trinidad
|
0-0: 3-RUN HOME RUN (Flyball, 78XD), Distance : 419 ft
|
Batting: LHB Keith Green
|
0-0: Ball 1-0: Ball 2-0: Fly out, F7 (Line Drive, 78S)
|
Bottom of the 7th over - 3 run(s), 3 hit(s), 0 error(s), 0 left on base; Bismarck 3 - Menlo 5 |
TOP OF THE 8TH |
Bismarck Barons batting - Pitching for Menlo Maniacs : RHP Steve Poe
|
Batting: RHB Seiji Kouno
|
0-0: DOUBLE (Line Drive, 5D)
|
Pitching: LHP Sam McMillan
|
|
Batting: SHB Manuel Hegnauer
|
0-0: Ball 1-0: Ball 2-0: Ball 3-0: Base on Balls
|
Pitching: RHP David Bishop
|
|
Pinch Hitting: LHB Edwin Ryan
|
0-0: Reached on error, E4 (Groundball, 4) Seiji Kouno to third Manuel Hegnauer to second
|
Pinch Hitting: RHB Paul Ladd
|
0-0: Ball 1-0: Fly out, F8 (Flyball, 8LD) Runner from 3rd tags up, SCORES, no throw Manuel Hegnauer to third
|
Pitching: RHP Domingo Franco
|
|
Batting: SHB Jeff Chambers
|
0-0: Ball 1-0: Ball 2-0: Foul Ball, location: 2F 2-1: Foul Ball, location: 2F 2-2: Ball 3-2: Foul Ball, location: 2F 3-2: Foul Ball, location: 2F 3-2: Foul Ball, location: 2F 3-2: Foul Ball, location: 2F 3-2: Hit by Pitch Edwin Ryan to second
|
Batting: LHB Jorge Fernández
|
0-0: Ball 1-0: Fly out, F7 (Flyball, 7LM) Runner from 3rd tags up, SCORES, throw made
|
Batting: LHB John Frost
|
0-0: Called Strike 0-1: Ball 1-1: Fly out, F7 (Flyball, 7D)
|
Top of the 8th over - 2 run(s), 1 hit(s), 1 error(s), 2 left on base; Bismarck 5 - Menlo 5 |
BOTTOM OF THE 8TH |
Menlo Maniacs batting - Pitching for Bismarck Barons : LHP Christiano Gomes
|
Now at SS: Tim Johnson
|
|
Now in RF: Edwin Ryan
|
|
Batting: LHB Paul Alexander
|
0-0: Ball 1-0: Called Strike 1-1: Ball 2-1: Foul Ball, location: 2F 2-2: Ground out 5-3 (Groundball, 5S)
|
Pinch Hitting: RHB Philip Burke
|
0-0: Ball 1-0: Called Strike 1-1: Foul Ball, location: 2F 1-2: Foul Ball, location: 2F 1-2: Foul Ball, location: 2F 1-2: Foul Ball, location: 2F 1-2: Ball 2-2: Foul Ball, location: 2F 2-2: Foul Ball, location: 2F 2-2: Ball 3-2: Ground out 4-3 (Groundball, 4M)
|
Pitching: RHP Gene McNeil
|
|
Batting: RHB Gilberto León
|
0-0: Ball 1-0: Called Strike 1-1: Called Strike 1-2: Strikes out swinging
|
Bottom of the 8th over - 0 run(s), 0 hit(s), 0 error(s), 0 left on base; Bismarck 5 - Menlo 5 |
TOP OF THE 9TH |
Bismarck Barons batting - Pitching for Menlo Maniacs : RHP Domingo Franco
|
Pitching: RHP James Jones
|
|
Now at SS: Philip Burke
|
|
Batting: RHB Roberto García
|
0-0: Called Strike 0-1: Ball 1-1: Foul Ball, location: 2F 1-2: Foul Ball, location: 2F 1-2: Ball 2-2: DOUBLE (Flyball, 89XD)
|
Batting: RHB Norm Francis
|
0-0: Called Strike 0-1: Ball 1-1: Swinging Strike 1-2: Fly out, F3 (Popup, 3F)
|
Batting: RHB Seiji Kouno
|
0-0: Called Strike 0-1: Foul Ball, location: 2F 0-2: Strikes out swinging
|
Batting: SHB Manuel Hegnauer
|
0-0: Ball 1-0: SINGLE (Groundball, 5D) Roberto García to third
|
Batting: LHB Edwin Ryan
|
0-0: Swinging Strike 0-1: Ball 1-1: Ball 2-1: Called Strike 2-2: Fly out, F4 (Popup, 9S)
|
Top of the 9th over - 0 run(s), 2 hit(s), 0 error(s), 2 left on base; Bismarck 5 - Menlo 5 |
BOTTOM OF THE 9TH |
Menlo Maniacs batting - Pitching for Bismarck Barons : RHP Gene McNeil
|
Pinch Hitting: LHB Marcos Pérez
|
0-0: Foul Ball, location: 2F 0-1: Ball 1-1: Ball 2-1: Ball 3-1: Base on Balls
|
Batting: RHB Steve Sampson
|
0-0: Ball 1-0: Sac Bunt - play at second, runner OUT! 2-6
|
Batting: RHB Daryl Floyd
|
0-0: Called Strike 0-1: Grounds into double play, 6-4-3 (Groundball, 6)
|
Bottom of the 9th over - 0 run(s), 0 hit(s), 0 error(s), 0 left on base; Bismarck 5 - Menlo 5 |
TOP OF THE 10TH |
Bismarck Barons batting - Pitching for Menlo Maniacs : RHP James Jones
|
Now at 2B: Dave Lee
|
|
Batting: SHB Tim Johnson
|
0-0: Swinging Strike 0-1: Foul Ball, location: 2F 0-2: SINGLE (Groundball, 34)
|
Batting: SHB Jeff Chambers
|
0-0: Ball 1-0: Swinging Strike 1-1: Called Strike 1-2: Strikes out swinging
|
Batting: LHB Jorge Fernández
|
0-0: Ball Tim Johnson is caught stealing 2nd base 1-0: Called Strike 1-1: Ground out 4-3 (Groundball, 34)
|
Top of the 10th over - 0 run(s), 1 hit(s), 0 error(s), 0 left on base; Bismarck 5 - Menlo 5 |
BOTTOM OF THE 10TH |
Menlo Maniacs batting - Pitching for Bismarck Barons : RHP Gene McNeil
|
Batting: LHB Arthur Hall
|
0-0: Ground out 2-3 (Groundball, 2L)
|
Pinch Hitting: LHB Jeff Tucker
|
0-0: Ball 1-0: SINGLE (Line Drive, 8RS)
|
Batting: LHB Keith Green
|
0-0: Ball 1-0: Ball 2-0: SINGLE (Line Drive, 34D) Jeff Tucker to second
|
Batting: LHB Paul Alexander
|
0-0: Ball 1-0: Ball 2-0: Called Strike 2-1: Fly out, F9 (Flyball, 89M)
|
Pinch Hitting: LHB Marcos Vázquez
|
0-0: Ball 1-0: SINGLE (Line Drive, 8LS) Jeff Tucker to third Keith Green to second
|
Batting: RHB Gilberto León
|
0-0: Ball 1-0: Foul Ball, location: 2F 1-1: Called Strike 1-2: Ball 2-2: Strikes out swinging
|
Bottom of the 10th over - 0 run(s), 3 hit(s), 0 error(s), 3 left on base; Bismarck 5 - Menlo 5 |
TOP OF THE 11TH |
Bismarck Barons batting - Pitching for Menlo Maniacs : RHP James Jones
|
Pitching: LHP José Acosta
|
|
Now at 3B: Luis Ramírez
|
|
Now at SS: Dani Torres
|
|
Pinch Hitting: RHB David Canseco
|
0-0: Ball 1-0: Fly out, F7 (Flyball, 7LS)
|
Batting: RHB Roberto García
|
0-0: Ball 1-0: Ball 2-0: Ball 3-0: Called Strike 3-1: Foul Ball, location: 2F 3-2: Ground out 3-1 (Groundball, 34S)
|
Batting: RHB Norm Francis
|
0-0: Ball 1-0: Ball 2-0: Ball 3-0: Called Strike 3-1: Base on Balls
|
Batting: RHB Seiji Kouno
|
0-0: Ball 1-0: Ball 2-0: Called Strike 2-1: Foul Ball, location: 2F 2-2: Foul Ball, location: 2F 2-2: DOUBLE (Line Drive, 89M) Norm Francis to third Runner from 3rd tries for Home, SAFE, no throw or cutoff
|
Batting: SHB Manuel Hegnauer
|
0-0: Swinging Strike 0-1: Swinging Strike 0-2: Strikes out swinging
|
Top of the 11th over - 1 run(s), 1 hit(s), 0 error(s), 1 left on base; Bismarck 6 - Menlo 5 |
BOTTOM OF THE 11TH |
Menlo Maniacs batting - Pitching for Bismarck Barons : RHP Gene McNeil
|
Pitching: LHP Rob Lucas
|
|
Now in CF: Manny Salazar
|
|
Batting: LHB Dave Lee
|
0-0: Called Strike 0-1: Ball 1-1: Ground out 4-3 (Groundball, 34)
|
Batting: RHB Steve Sampson
|
0-0: Ball 1-0: Called Strike 1-1: Swinging Strike 1-2: Ball 2-2: Strikes out swinging
|
Batting: RHB Daryl Floyd
|
0-0: Swinging Strike 0-1: Called Strike 0-2: Strikes out swinging
|
Bottom of the 11th over - 0 run(s), 0 hit(s), 0 error(s), 0 left on base; Bismarck 6 - Menlo 5 |
|